 Dungeon Crawl Stone Soup version 0.31-a0-832-g3a2c1c66ba (webtiles) character file.

Game seed: 11146133955868453514

198 Ijustatesigmund the Magician (level 5, 0/29 HPs)
             Began as a Deep Elf Fire Elementalist on Sept 25, 2023.
             Killed by miscasting Flame Wave (13 damage)
             ... on level 3 of the Dungeon.
             The game lasted 00:03:09 (2359 turns).

Ijustatesigmund the Magician (DEFE)                 Turns: 2359, Time: 00:03:09

Health: 0/29       AC:  2    Str:  5    XL:     5   Next: 47%
Magic:  3/13       EV: 12    Int: 22    God:
Gold:   185        SH:  0    Dex: 15    Spells: 6/13 levels left

rFire   . . .        d - +0 sling
rCold   . . .        (no shield)
rNeg    . . .        a - +0 robe
rPois   .            (no helmet)
rElec   .            (no cloak)
rCorr   .            (no gloves)
SInv    .            (no boots)
Will    .....        (no amulet)
Stlth   ++           (no ring)
HPRegen 0.24/turn    (no ring)
MPRegen 0.13/turn

%: no passive effects
@: very slightly contaminated
A: no striking features
a: no special abilities


You were on level 3 of the Dungeon.
You visited 1 branch of the dungeon, and saw 3 of its levels.

You collected 185 gold pieces.

Inventory:

Hand Weapons
 d - a +0 sling (weapon)
 f - a +1 dagger of draining
Armour
 a - a +0 robe (worn)
Jewellery
 k - an amulet of regeneration
 n - a ring of wizardry
Scrolls
 c - 4 scrolls of identify {unknown}
 e - 2 scrolls of revelation {unknown}
 i - a scroll of silence {unknown}
 j - a scroll of teleportation {unknown}
 l - a scroll of blinking {unknown}
 m - 2 scrolls of fog {unknown}
Potions
 b - a potion of magic
 g - a potion of curing {unknown}
 h - 2 potions of brilliance {unknown}


   Skills:
 - Level 1.0 Fighting
 + Level 2.7 Ranged Weapons
 - Level 2.4 Dodging
 - Level 2.4 Stealth
 + Level 4.6 Spellcasting
 + Level 3.0 Conjurations
 + Level 4.3 Fire Magic


You had 6 spell levels left.
You knew the following spells:

 Your Spells              Type           Power      Damage    Failure   Level
a - Foxfire               Conj/Fire      84%        2x1d8     2%          1
b - Scorch                Fire           48%        2d7       2%          2
c - Flame Wave            Conj/Fire      21%        2d8       22%         4

Your spell library contained the following spells:

 Spells                   Type           Power      Damage    Failure   Level
 Shock                    Conj/Air       44%        1d5       5%          1
 Inner Flame              Hex/Fire       14%        N/A       13%         3
 Volatile Blastmotes      Fire/Tloc      28%        2d12      13%         3
 Poisonous Vapours        Pois/Air       10%        N/A       16%         2
 Mephitic Cloud           Conj/Pois/Air  9%         N/A       21%         3
 Swiftness                Air            5%         N/A       32%         3
 Airstrike                Air            2%         2d(1-17)  71%         4
 Freezing Cloud           Conj/Ice/Air   4%         6-21      88%         5


Dungeon Overview and Level Annotations

Branches:
Dungeon (3/15)

Altars:
Okawaru


Message History

The sling bullet closely misses the adder.
You shoot a sling bullet. The sling bullet misses the adder.
Casting: Scorch (safe; 2% risk of failure)
Confirm with . or Enter, or press ? or * to list all spells.
Flames lash the adder.
The adder is almost dead.
The adder's fire resistance burns away.
The adder barely misses you. x2
Casting: Scorch (safe; 2% risk of failure)
Confirm with . or Enter, or press ? or * to list all spells.
Flames lash the adder.
The adder is burned terribly!
You kill the adder!
You open the door.
An orc priest and 2 orcs come into view.
The orc priest shouts!
The orc shouts!
You shoot a sling bullet. The orc shouts!
The sling bullet hits the orc but does no damage.
The orc priest casts a cantrip, but nothing happens.
Casting: Scorch (safe; 2% risk of failure)
Confirm with . or Enter, or press ? or * to list all spells.
Flames lash the orc.
The orc is severely wounded.
The orc's fire resistance burns away.
The orc hits you with a +0 mace.
Casting: Scorch (safe; 2% risk of failure)
Confirm with . or Enter, or press ? or * to list all spells.
Casting: Flame Wave (extremely dangerous; 22% risk of failure)
Press: ? - help, Dir - look around, f - activate You miscast Flame Wave.
You are very lightly contaminated with residual magic.
You are blasted with magical energy!
The orc closely misses you.
Casting: Flame Wave (extremely dangerous; 22% risk of failure)
Confirm with . or Enter, or press ? or * to list all spells.
Okay, then.
Casting: Flame Wave (extremely dangerous; 22% risk of failure)
Confirm with . or Enter, or press ? or * to list all spells.
Casting: Flame Wave (extremely dangerous; 22% risk of failure)
Press: ? - help, Dir - look around, f - activate You miscast Flame Wave.
Sparks fly from your hands!
You die...

..# ############## ..#
#............#
#.######............#
.......'.......>....#
#.######............#
#.######............#
#.#...........o@....#
##'#.....#######o#####
.........# #.#
...†.....# #o#
.........# #.#
.........# #.#
........... #.#
............ #.#
............ #.#


You could see an orc priest and 2 orcs.

Vanquished Creatures
  An orc priest (D:3)
  An orc wizard (D:3)
  3 gnolls (D:3)
  5 adders
  2 worms
  4 dart slugs
  7 orcs (D:3)
  3 endoplasms
  2 giant cockroaches
  3 goblins
  3 hobgoblins
  4 kobolds
  3 ball pythons
  9 bats
  2 frilled lizards
  5 rats
57 creatures vanquished.

Vanquished Creatures (others)
  94 foxfires
94 creatures vanquished.

Grand Total: 151 creatures vanquished

Notes
Turn   | Place    | Note
-------+----------+-------------------------------------------
     0 | D:1      | Ijustatesigmund the Deep Elf Fire Elementalist began the
                  | quest for the Orb.
     0 | D:1      | Reached XP level 1. HP: 10/10 MP: 6/6
   195 | D:1      | Reached XP level 2. HP: 10/16 MP: 5/8
   226 | D:1      | Learned a level 2 spell: Scorch
   608 | D:1      | Reached skill level 1 in Fighting
   835 | D:2      | Reached XP level 3. HP: 20/20 MP: 10/10
  1335 | D:2      | Reached skill level 1 in Ranged Weapons
  1387 | D:2      | Found a faded altar of an unknown god.
  1649 | D:3      | Reached XP level 4. HP: 23/25 MP: 7/11
  1853 | D:3      | Reached XP level 5. HP: 19/29 MP: 4/13
  2027 | D:3      | Learned a level 4 spell: Flame Wave
  2100 | D:3      | Found an iron altar of Okawaru.
  2359 | D:3      | Killed by miscasting Flame Wave

Illustrated notes

Levels and vault maps discovered:
D:1:      psy_arrival_basics, layout_basic
D:2:      layout_loops_cross, shapermc_ecumenical_altar_mp_highgroup,
          dreamdust_mushroom_princess
D:3:      layout_basic, yredelemnul_altar_generic, lemuel_crystal_altar

Skill      XL: |  1  2  3  4  5 |
---------------+----------------+-----
Fighting       | 1 |  1.0
Conjurations   | 2 3 |  3.0
Ranged Weapons | 1 2 |  2.7
Spellcasting   | 4 |  4.6
Fire Magic     | 4 |  4.3
Dodging        | |  2.4
Stealth        | |  2.4

Action                     |  1- 3 |  4- 6 || total
---------------------------+-------+-------++-------
   Fire: Sling             |    26 |    16 ||    42
   Cast: Foxfire           |    43 |    15 ||    58
         Scorch            |     8 |    13 ||    21
 Armour: Robe              |    13 |    16 ||    29
  Dodge: Dodged            |    16 |    12 ||    28

Table legend: (Time is in decaauts)
 A = Elapsed time spent in this place.
 B = Non-inter-level travel time spent in this place.
 C = Inter-level travel time spent in this place.
 D = Time resting spent in this place.
 E = Time spent auto-exploring this place.
 F = Levels seen in this place.
 G = Mean time per level.
                   A        B        C        D        E       F      G
               +--------+--------+--------+--------+--------+-----+--------+
         Total |   2372 |   2341 |     31 |    262 |   1767 |   3 |  790.7 |
       Dungeon |   2372 |   2341 |     31 |    262 |   1767 |   3 |  790.7 |
               +--------+--------+--------+--------+--------+-----+--------+

Top non-repeatable levels by time:
     D:1: 833 daAuts
     D:2: 807 daAuts
     D:3: 731 daAuts
